Map: Temple gelé

Players

desirousvaax - Winner!

  • Race: Terran Terran
  • League: Platinum
  • Spawn Location: 11:00

zidar

  • Race: Zerg Zerg
  • League: Platinum
  • Spawn Location: 5:00

VOD

Have the link to the VOD?

Description

Time

  • Played on: Nov. 7, 2016, 1:13 p.m.
  • Length: 7:29
Show
View Real Time Build Order
Export as new Build Order

desirousvaax Terran - Winner!

Build Orders: Banshee Rush 

Get SALT Encoding   

  12  0:01  SCV  
  13  0:13  SCV  
  14  0:20  Supply Depot  
  14  0:25  SCV  
  15  0:42  SCV  
  16  0:43  Barracks  
  16  0:48  Refinery  
  16  0:54  SCV  
  17  0:57  Refinery  
  17  1:06  SCV  
  18  1:18  SCV  
  18  1:21  Supply Depot  
  19  1:30  SCV  
  20  1:34  Supply Depot  
  20  1:35  Reaper  
  21  1:43  SCV  
  22  1:55  SCV  
  22  1:57  Factory  
  24  2:15  Barracks Tech Lab  
  23  2:17  Orbital Command  
  23  2:53  Starport  
  23  3:00  Barracks Reactor  
  25  3:06  Command Center  
  25  3:08  Widow Mine  
  25  3:10  Factory  
  25  3:29  Banshee  
  25  3:30  Cloaking Field  
  28  3:38  Supply Depot  
  28  3:39  Factory Reactor  
  28  3:46  SCV  
  29  3:58  SCV  
  29  4:00  Armory  
  30  4:07  Supply Depot  
  30  4:11  SCV  
  31  4:20  Refinery  
  31  4:27  Orbital Command  
  31  4:28  SCV  
  36  4:32  Widow Mine x2  
  36  4:33  Refinery  
  40  4:44  Widow Mine x2  
  40  4:45  Barracks Tech Lab  
  40  4:50  Factory  
  42  5:01  Widow Mine  
  42  5:44  Engineering Bay  
  42  5:48  SCV x2  
  44  5:51  Hellion x2  
  44  5:52  Hellion x2  
  52  6:00  SCV x2  
  50  6:12  SCV x2  
  50  6:13  Hellion  
  54  6:24  SCV x2  
  55  6:36  SCV x2  
  55  6:38  Hellion x4  
  65  6:48  SCV x2  
  63  6:59  Hellion x2  
  63  7:00  SCV x2  
Show
View Real Time Build Order
Export as new Build Order

zidar Zerg 

Build Orders: Hatch First 

Get SALT Encoding   

  12  0:01  Drone  
  13  0:12  Overlord  
  13  0:17  Drone  
  14  0:31  Drone x2  
  16  0:51  Hatchery  
  16  0:54  Drone  
  16  0:58  Extractor  
  16  1:00  Drone  
  16  1:18  Spawning Pool  
  15  1:53  Drone x3  
  18  2:07  Queen  
  20  2:09  Queen  
  22  2:20  Drone x2  
  24  2:24  Zergling x2  
  24  2:26  Zergling x2  
  26  2:37  Zergling x2  
  27  2:49  Roach Warren  
  26  3:04  Drone x2  
  28  3:07  Overlord x2  
  28  3:08  Overlord  
  28  3:21  Evolution Chamber  
  27  3:33  Roach x4  
  35  3:44  Drone x3  
  35  3:46  Drone  
  39  3:58  Zerg Ground Armor Level 1  
  39  4:01  Drone  
  40  4:07  Drone  
  40  4:08  Drone  
  40  4:09  Drone  
  42  4:31  Roach x5  
  52  4:36  Overlord  
  52  4:44  Metabolic Boost  
  51  4:57  Spore Crawler  
  39  5:36  Spore Crawler  
  39  5:37  Ravager x2  
  39  5:39  Ravager  
  22  6:24  Drone x8  
  22  6:25  Drone x11  
  39  6:31  Extractor  
  38  6:34  Roach x2  
  31  7:12  Ravager  
  31  7:13  Ravager  
Tags
 
Add a new tag
Caveats
  • Supply blocks, unpowered buildings, or Contaminate may cause inaccurate times.
  • Supply counts are checked every 10 seconds.